Construct Section Command Post
Construct Platoon Command Post
6-pounder Anti-tank Gun Team
Construct Field Infirmary
Construct Company Command Post
Selects Air and Sea Battlegroup
Construct Field Infirmary
6-pounder Anti-tank Gun Team
Unlock M3 Grant Medium Tanks
Selects Commando Section Paradrop
Selects Commando Support Section Paradrop
Selects Incendiary Bombing Run
Construct Field Infirmary
Construct Field Infirmary
Selects Naval Bombardment